General information
- name: Lokales Spiel (Pascal3000)
- type: Custom game
- host: Pascal3000
- saver: Pascal3000
map: SilverpineForest
- players: 2
- length: 279:33
- speed: Fast
- version: 1.21 W3XP
- replay type: Public
» download(1255 KB)
Players
team 1 (winner)
Pascal3000 (
dark-green | 48 APM | 13512 actions | 279:33)
10 Blademaster
3 Wind Walk
3 Critical Strike
1 Bladestorm
3 Mirror Image
4 Shadow Hunter
2 Hex
2 Healing Wave
4 Tauren Chieftain
2 War Stomp
2 Endurance Aura
» actions
| Assign group hotkey | 42 | |
| Basic commands | 219 | |
| Build / train | 252 | |
| ESC pressed | 15 | |
| Enter build submenu | 298 | |
| Enter hero's abilities submenu | 20 | |
| Give item / drop item | 92 | |
| Right click | 6608 | |
| Select / deselect | 3102 | |
| Select group hotkey | 1305 | |
| Use ability | 1554 | |
13512 total
» units
| Peon | 55 | |
| Grunt | 3 | |
| Goblin Shredder | 5 | |
| Goblin Zeppelin | 6 | |
| Demolisher | 1 | |
| Wind Rider | 1 | |
| Goblin Sapper | 3 | |
| Troll Batrider | 8 | |
82 total
» upgrades
| Spiked Barricades | 3 | |
| Reinforced Defenses | 1 | |
| Armor | 3 | |
| Liquid Fire | 1 | |
| Pillage | 1 | |
| Ranged Weapons | 3 | |
| Backpack | 1 | |
| Melee Weapons | 3 | |
| Ensnare | 1 | |
| War Drums Damage Increase | 1 | |
| Envenomed Spears | 1 | |
| Burning Oil | 1 | |
| Berserker Strength | 1 | |
| Troll Regeneration | 1 | |
| Berserker Upgrade | 1 | |
23 total
» buildings
| Altar of Storms | 3 | |
| Orc Burrow | 3 | |
| Barracks | 2 | |
| War Mill | 4 | |
| Voodoo Lounge | 7 | |
| Watch Tower | 351 | |
| Stronghold | 1 | |
| Fortress | 1 | |
| Great Hall | 11 | |
| Beastiary | 4 | |
387 total
» build order
00:50 Altar of Storms
00:52 Orc Burrow
00:57 Barracks
01:32 Orc Burrow
02:26 War Mill
02:41 Voodoo Lounge
03:42 Watch Tower
03:43 Watch Tower
04:20 Watch Tower
04:31 Orc Burrow
05:12 Stronghold
05:19 Watch Tower
06:23 Watch Tower
06:26 Watch Tower
07:33 Watch Tower
07:34 Watch Tower
07:36 Watch Tower
07:56 Fortress
09:24 Watch Tower
09:25 Watch Tower
12:04 Watch Tower
12:05 Watch Tower
12:08 Watch Tower
13:17 Voodoo Lounge
16:53 Watch Tower
16:55 Watch Tower
22:22 Watch Tower
22:23 Watch Tower
22:24 Watch Tower
22:25 Watch Tower
22:26 Watch Tower
22:27 Watch Tower
22:28 Watch Tower
22:29 Watch Tower
25:51 Great Hall
25:54 Watch Tower
25:56 Watch Tower
26:32 Watch Tower
26:35 Watch Tower
26:36 Watch Tower
26:39 Watch Tower
26:40 Watch Tower
26:41 Watch Tower
26:43 Watch Tower
26:43 Watch Tower
26:45 Watch Tower
26:47 Great Hall
26:49 Watch Tower
26:51 Watch Tower
27:48 Watch Tower
29:57 Great Hall
30:59 Watch Tower
31:00 Watch Tower
31:09 Watch Tower
31:10 Watch Tower
31:49 Watch Tower
40:22 Watch Tower
40:26 Voodoo Lounge
42:35 Watch Tower
42:36 Watch Tower
42:38 Watch Tower
42:39 Watch Tower
42:40 Watch Tower
42:42 Watch Tower
42:45 Watch Tower
42:46 Watch Tower
42:48 Watch Tower
44:33 Watch Tower
45:54 Watch Tower
45:57 Voodoo Lounge
48:41 Watch Tower
50:21 Watch Tower
50:22 Watch Tower
50:23 Watch Tower
50:25 Watch Tower
50:26 Watch Tower
50:27 Watch Tower
50:28 Watch Tower
50:29 Watch Tower
50:33 Watch Tower
50:34 Watch Tower
50:34 Watch Tower
50:36 Watch Tower
50:37 Watch Tower
50:39 Watch Tower
50:40 Watch Tower
50:42 Watch Tower
50:44 Watch Tower
61:46 Great Hall
64:57 Watch Tower
64:58 Watch Tower
65:00 Watch Tower
65:02 Watch Tower
65:03 Watch Tower
65:07 Great Hall
65:08 Watch Tower
65:09 Watch Tower
65:10 Watch Tower
65:12 Watch Tower
65:13 Watch Tower
68:36 Watch Tower
74:36 Watch Tower
74:38 Watch Tower
74:40 Watch Tower
74:41 Watch Tower
74:42 Watch Tower
74:43 Watch Tower
74:44 Watch Tower
74:45 Watch Tower
74:47 Watch Tower
74:48 Watch Tower
75:06 Watch Tower
75:07 Watch Tower
75:09 Watch Tower
75:10 Watch Tower
75:11 Watch Tower
75:13 Watch Tower
75:14 Watch Tower
75:15 Watch Tower
75:15 Watch Tower
75:16 Watch Tower
75:17 Watch Tower
77:45 Great Hall
77:48 Voodoo Lounge
78:15 Watch Tower
78:16 Watch Tower
78:18 Watch Tower
78:27 Watch Tower
78:28 Watch Tower
79:14 Altar of Storms
79:26 Beastiary
79:28 Beastiary
79:30 Beastiary
79:32 Beastiary
84:53 Watch Tower
84:53 Watch Tower
84:55 Watch Tower
84:56 Watch Tower
84:57 Watch Tower
84:58 Watch Tower
84:59 Watch Tower
85:00 Watch Tower
85:02 Watch Tower
85:04 Watch Tower
85:05 Watch Tower
85:06 Watch Tower
95:29 Great Hall
95:32 Watch Tower
95:34 Watch Tower
95:35 Watch Tower
95:37 Watch Tower
104:42 Watch Tower
104:43 Watch Tower
104:44 Watch Tower
104:47 Watch Tower
104:49 Watch Tower
104:51 Watch Tower
104:52 Watch Tower
105:16 Great Hall
106:17 Great Hall
109:20 Watch Tower
109:21 Watch Tower
109:22 Watch Tower
109:23 Watch Tower
109:25 Watch Tower
109:26 Watch Tower
109:27 Watch Tower
109:29 Watch Tower
110:18 Watch Tower
110:22 Watch Tower
110:26 Watch Tower
110:27 Watch Tower
110:31 Watch Tower
110:33 Watch Tower
110:37 Watch Tower
110:39 Watch Tower
110:39 Watch Tower
110:41 Watch Tower
110:42 Watch Tower
110:44 Watch Tower
110:45 Watch Tower
110:46 Watch Tower
110:47 Watch Tower
110:48 Watch Tower
110:49 Watch Tower
110:51 Watch Tower
110:53 Watch Tower
110:55 Watch Tower
111:31 Watch Tower
111:33 Watch Tower
117:51 Watch Tower
117:52 Watch Tower
117:54 Watch Tower
117:56 Watch Tower
117:57 Watch Tower
117:59 Watch Tower
118:01 Watch Tower
118:02 Watch Tower
118:03 Watch Tower
118:05 Watch Tower
118:08 Watch Tower
118:10 Watch Tower
118:11 Watch Tower
118:12 Watch Tower
118:13 Watch Tower
118:14 Watch Tower
118:16 Watch Tower
118:47 Watch Tower
118:49 Watch Tower
118:50 Watch Tower
118:52 Watch Tower
121:23 Watch Tower
121:25 Watch Tower
121:26 Watch Tower
121:27 Watch Tower
122:52 Watch Tower
122:53 Watch Tower
123:26 Watch Tower
123:28 Watch Tower
123:29 Watch Tower
123:31 Watch Tower
123:44 Watch Tower
123:46 Watch Tower
124:23 Watch Tower
126:42 Watch Tower
126:43 Watch Tower
126:44 Watch Tower
126:45 Watch Tower
126:46 Watch Tower
127:14 Watch Tower
127:16 Watch Tower
127:19 Watch Tower
127:20 Watch Tower
127:21 Watch Tower
127:24 Watch Tower
127:26 Watch Tower
127:27 Watch Tower
127:28 Watch Tower
127:30 Watch Tower
127:33 Watch Tower
127:37 Watch Tower
127:39 Watch Tower
127:40 Watch Tower
128:03 Watch Tower
128:08 Watch Tower
128:09 Watch Tower
128:11 Watch Tower
128:12 Watch Tower
129:54 Watch Tower
129:55 Watch Tower
129:57 Watch Tower
129:58 Watch Tower
130:00 Watch Tower
130:02 Watch Tower
132:16 Watch Tower
132:19 Watch Tower
132:20 Watch Tower
132:22 Watch Tower
132:24 Watch Tower
132:25 Watch Tower
132:30 Watch Tower
134:42 Watch Tower
134:43 Watch Tower
134:44 Watch Tower
134:47 Watch Tower
134:49 Watch Tower
134:50 Watch Tower
137:30 Watch Tower
137:31 Watch Tower
137:32 Watch Tower
137:37 Watch Tower
137:45 Watch Tower
137:52 Watch Tower
138:09 Watch Tower
138:11 Watch Tower
138:13 Watch Tower
138:15 Watch Tower
138:18 Watch Tower
138:19 Watch Tower
138:48 Watch Tower
140:02 Watch Tower
140:04 Watch Tower
140:05 Watch Tower
140:54 Watch Tower
140:57 Watch Tower
141:00 Watch Tower
141:03 Watch Tower
141:06 Watch Tower
141:08 Watch Tower
141:11 Watch Tower
141:12 Watch Tower
141:15 Watch Tower
141:16 Watch Tower
141:20 Watch Tower
142:27 Watch Tower
142:28 Watch Tower
142:31 Watch Tower
142:43 Watch Tower
142:45 Watch Tower
142:56 Watch Tower
143:27 Watch Tower
143:29 Watch Tower
143:31 Watch Tower
143:34 Watch Tower
143:35 Watch Tower
143:38 Watch Tower
143:39 Watch Tower
143:40 Watch Tower
143:42 Watch Tower
143:46 Watch Tower
143:52 Watch Tower
143:53 Watch Tower
143:54 Watch Tower
143:55 Watch Tower
143:57 Watch Tower
144:10 Watch Tower
144:12 Watch Tower
144:14 Watch Tower
145:06 Watch Tower
145:09 Watch Tower
145:11 Watch Tower
145:13 Watch Tower
145:31 Watch Tower
145:34 Watch Tower
145:38 Watch Tower
145:41 Watch Tower
145:45 Watch Tower
145:46 Watch Tower
146:46 Watch Tower
146:56 Watch Tower
146:58 Watch Tower
146:59 Watch Tower
147:00 Watch Tower
147:03 Watch Tower
147:04 Watch Tower
147:43 Watch Tower
147:45 Watch Tower
147:53 Watch Tower
148:06 Watch Tower
148:09 Watch Tower
148:12 Watch Tower
150:32 Watch Tower
150:38 Watch Tower
150:45 Watch Tower
151:14 Watch Tower
151:27 Watch Tower
151:29 Watch Tower
151:58 Watch Tower
152:42 Watch Tower
162:16 War Mill
162:20 War Mill
162:30 War Mill
167:42 Watch Tower
167:45 Watch Tower
167:46 Watch Tower
167:49 Watch Tower
167:50 Watch Tower
167:52 Watch Tower
167:54 Watch Tower
167:57 Watch Tower
168:00 Watch Tower
168:01 Watch Tower
168:02 Watch Tower
168:04 Watch Tower
168:06 Watch Tower
171:34 Watch Tower
171:43 Watch Tower
171:45 Watch Tower
171:47 Watch Tower
171:49 Watch Tower
225:48 Watch Tower
237:45 Voodoo Lounge
241:28 Watch Tower
243:06 Watch Tower
243:49 Voodoo Lounge
244:56 Altar of Storms
246:15 Great Hall
260:22 Great Hall
261:20 Barracks
261:23 Watch Tower
261:24 Watch Tower
261:26 Watch Tower
261:26 Watch Tower
261:30 Watch Tower
261:31 Watch Tower
261:33 Watch Tower
261:35 Watch Tower
» items
| Gloves of Haste | 2 | |
| Slippers of Agility +3 | 1 | |
| Healing Salve | 13 | |
| Lesser Clarity Potion | 24 | |
| Claws of Attack +6 | 2 | |
| Replenishment Potion | 7 | |
| Claws of Attack +9 | 2 | |
| Potion of Healing | 11 | |
| Orb of Lightning | 2 | |
| Tiny Great Hall | 3 | |
| Scroll of Healing | 3 | |
| Staff of Teleportation | 2 | |
| Hood of Cunning | 1 | |
| Scroll of Town Portal | 8 | |
| Ancient Janggo of Endurance | 1 | |
| Periapt of Vitality | 5 | |
| Potion of Lesser Invulnerability | 6 | |
| Potion of Mana | 10 | |
| Legion Doom-Horn | 1 | |
| Claws of Attack +12 | 3 | |
| Boots of Speed | 1 | |
| Warsong Battle Drums | 1 | |
| Khadgar's Gem of Health | 3 | |
| Dust of Appearance | 2 | |
| Wand of Illusion | 2 | |
| Sentry Wards | 3 | |
| Potion of Invulnerability | 1 | |
| Amulet of Spell Shield | 1 | |
| Khadgar's Pipe of Insight | 1 | |
| Pendant of Mana | 1 | |
| Potion of Greater Mana | 1 | |
124 total
team 2 (loser)
Leon (
gray | 37 APM | 10465 actions | 279:31)
10 Dreadlord
3 Vampiric Aura
3 Sleep
1 Inferno
3 Carrion Swarm
10 Death Knight
3 Death Coil
3 Unholy Aura
1 Animate Dead
3 Death Pact
10 Dark Ranger
3 Black Arrow
3 Silence
1 Charm
3 Life Drain
» actions
| Assign group hotkey | 59 | |
| Basic commands | 105 | |
| Build / train | 298 | |
| ESC pressed | 100 | |
| Enter build submenu | 68 | |
| Enter hero's abilities submenu | 34 | |
| Give item / drop item | 134 | |
| Right click | 4880 | |
| Select / deselect | 2605 | |
| Select group hotkey | 1347 | |
| Use ability | 832 | |
10465 total
» units
| Acolyte | 96 | |
| Ghoul | 15 | |
| Goblin Sapper | 9 | |
| Frost Wyrm | 4 | |
| Obsidian Statue | 1 | |
| Meatwagon | 8 | |
| Goblin Zeppelin | 4 | |
| Gargoyle | 3 | |
| Peon | 4 | |
| Raider | 3 | |
| Wind Rider | 2 | |
| Troll Batrider | 4 | |
| Demolisher | 10 | |
163 total
» upgrades
| Cannibalize | 1 | |
| Ghoul Frenzy | 1 | |
| Unholy Armor | 2 | |
| Unholy Strength | 2 | |
| Stone Form | 1 | |
| Creature Carapace | 2 | |
| Freezing Breath | 1 | |
| Backpack | 1 | |
| Liquid Fire | 1 | |
| Armor | 3 | |
| Melee Weapons | 1 | |
| Ranged Weapons | 3 | |
| Burning Oil | 1 | |
| Ensnare | 1 | |
21 total
» buildings
| Crypt | 6 | |
| Ziggurat | 25 | |
| Nerubian Tower | 4 | |
| Altar of Darkness | 3 | |
| Halls of the Dead | 2 | |
| Tomb of Relics | 2 | |
| Graveyard | 3 | |
| Black Citadel | 3 | |
| Spirit Tower | 4 | |
| Sacrificial Pit | 3 | |
| Boneyard | 3 | |
| Necropolis | 3 | |
| Slaughterhouse | 5 | |
| Great Hall | 2 | |
| War Mill | 2 | |
| Altar of Storms | 2 | |
| Stronghold | 1 | |
| Barracks | 3 | |
| Beastiary | 6 | |
| Fortress | 1 | |
| Voodoo Lounge | 1 | |
| Orc Burrow | 5 | |
89 total
» build order
00:19 Crypt
00:57 Crypt
01:02 Crypt
01:05 Ziggurat
01:49 Ziggurat
02:15 Nerubian Tower
02:34 Altar of Darkness
03:17 Halls of the Dead
03:23 Nerubian Tower
03:32 Ziggurat
03:52 Tomb of Relics
04:05 Graveyard
04:25 Ziggurat
05:17 Ziggurat
05:50 Black Citadel
05:51 Black Citadel
07:45 Nerubian Tower
10:08 Graveyard
12:06 Ziggurat
12:07 Ziggurat
13:27 Spirit Tower
13:30 Ziggurat
13:31 Ziggurat
13:34 Ziggurat
22:06 Spirit Tower
27:47 Crypt
27:47 Crypt
27:49 Crypt
33:03 Sacrificial Pit
36:32 Boneyard
36:36 Boneyard
36:38 Boneyard
48:39 Necropolis
54:21 Altar of Darkness
60:28 Tomb of Relics
62:29 Ziggurat
62:30 Ziggurat
62:33 Ziggurat
64:15 Spirit Tower
64:20 Spirit Tower
64:24 Nerubian Tower
65:11 Slaughterhouse
65:17 Slaughterhouse
79:09 Ziggurat
79:12 Ziggurat
83:59 Great Hall
85:54 War Mill
86:02 Altar of Storms
112:43 Sacrificial Pit
143:16 Ziggurat
143:18 Ziggurat
146:32 Ziggurat
146:34 Altar of Darkness
156:40 Necropolis
164:55 Ziggurat
171:13 Halls of the Dead
172:20 Necropolis
174:03 Graveyard
175:52 Slaughterhouse
175:53 Slaughterhouse
175:54 Slaughterhouse
176:02 Ziggurat
176:03 Ziggurat
177:34 Black Citadel
179:23 Great Hall
180:16 Ziggurat
180:17 Ziggurat
180:18 Ziggurat
180:20 Ziggurat
180:30 Altar of Storms
181:56 Stronghold
183:22 Barracks
183:23 Barracks
183:24 Barracks
184:46 Sacrificial Pit
185:48 Beastiary
185:50 Beastiary
185:51 Beastiary
185:53 Beastiary
186:02 War Mill
186:34 Beastiary
186:38 Beastiary
187:15 Fortress
188:55 Voodoo Lounge
236:23 Orc Burrow
236:23 Orc Burrow
236:24 Orc Burrow
236:25 Orc Burrow
236:27 Orc Burrow
» items
| Boots of Speed | 5 | |
| Periapt of Vitality | 2 | |
| Orb of Corruption | 1 | |
| Scroll of Healing | 3 | |
| Rod of Necromancy | 3 | |
| Claws of Attack +6 | 4 | |
| Khadgar's Gem of Health | 4 | |
| Sentry Wards | 4 | |
| Warsong Battle Drums | 2 | |
| Crystal Ball | 2 | |
| Hood of Cunning | 1 | |
| Ring of Protection +2 | 1 | |
| Staff of Silence | 2 | |
| Replenishment Potion | 1 | |
| Wand of Illusion | 2 | |
| Scroll of the Beast | 1 | |
| Cloak of Flames | 2 | |
| Claws of Attack +9 | 1 | |
| Scroll of Town Portal | 1 | |
| Pendant of Energy | 1 | |
| Potion of Lesser Invulnerability | 1 | |
| Pendant of Mana | 1 | |
| Potion of Healing | 4 | |
| Claws of Attack +12 | 3 | |
| Ancient Janggo of Endurance | 2 | |
| Potion of Mana | 3 | |
| Dust of Appearance | 4 | |
| Potion of Invisibility | 2 | |
| Talisman of Evasion | 1 | |
| Orb of Darkness | 1 | |
| Scroll of Protection | 1 | |
66 total
Chat log
(00:10 / All) Pascal3000: gg gl
(177:52 / All) Pascal3000: afk count: 5 minutes
(183:22 / All) Pascal3000: Afk count: 10 minutes
(188:40 / All) Pascal3000: afk count: 15 minutes
(192:27 / All) Pascal3000: afk count: 20 minutes
(199:33 / All) Pascal3000: afk count: 25 minutes
(205:02 / All) Pascal3000: afk count: 30 minutes
(209:51 / All) Pascal3000: afk count 35 minutes
(214:39 / All) Pascal3000: afk count: 40 minutes
(220:50 / All) Pascal3000: afk count: 45 minutes
(225:22 / All) Pascal3000: afl count: 50 minutes
(225:25 / All) Pascal3000: *afk
(229:29 / All) Pascal3000: afk again
(232:57 / All) Pascal3000: afk count: 55 minutes
(236:03 / All) Pascal3000: afk count: 60 minutes
(236:16 / All) Pascal3000: Live time. Let's Rock!